 Dungeon Crawl Stone Soup version 0.28.0-53-g5a82cb258f (webtiles) character file.

Game seed: 14809144055638731266

86 Plasmagod the Slasher (level 4, -3/41 HPs)
             Began as a Gnoll Cinder Acolyte on July 22, 2022.
             Was a High Priest of Ignis.
             Slain by Natasha (6 damage)
             ... on level 2 of the Dungeon.
             The game lasted 00:01:55 (1236 turns).

Plasmagod the Slasher (Gnoll Cinder Acolyte)        Turns: 1236, Time: 00:01:56

Health: -3/41      AC:  6    Str: 13    XL:     4   Next: 49%
Magic:  8/8        EV: 11    Int: 13    God:    Ignis [*****.]
Gold:   18         SH:  0    Dex: 10    Spells: 9/9 levels left

rFire   + . .      SeeInvis .   a - -1 falchion (flame)
rCold   . . .      Faith    .   (no shield)
rNeg    . . .      Spirit   .   b - +0 robe
rPois   .          Reflect  .   (no helmet)
rElec   .          Harm     .   (no cloak)
rCorr   .          Rampage  .   (no gloves)
Will    .....                   (no boots)
Stlth   +.........              (no amulet)
HPRegen 0.13/turn               f - +4 ring of protection
MPRegen 0.11/turn               (no ring)

@: slowed, very slow
A: fangs 1, strong nose, distributed training
a: Renounce Religion, Fiery Armour, Foxfire Swarm, Rising Flame


You were on level 2 of the Dungeon.
You worshipped Ignis.
Ignis was extremely pleased with you.
You visited 1 branch of the dungeon, and saw 2 of its levels.

You collected 18 gold pieces.

Inventory:

Hand Weapons
 a - a -1 falchion of flaming (weapon)
Missiles
 h - 6 poisoned darts (quivered)
Armour
 b - a +0 robe (worn)
Jewellery
 f - a +4 ring of protection (left hand)
Scrolls
 c - a scroll of blinking {unknown}
 d - a scroll of identify {unknown}
 e - a scroll of enchant weapon {unknown}
 g - a scroll of teleportation {unknown}
 i - a scroll of vulnerability {unknown}


   Skills:
 + Level 6.6 Fighting
 + Level 1.1 Short Blades
 + Level 6.6 Long Blades
 + Level 1.1 Axes
 + Level 1.1 Maces & Flails
 + Level 1.1 Polearms
 + Level 1.1 Staves
 + Level 1.1 Slings
 + Level 1.1 Bows
 + Level 1.1 Crossbows
 + Level 1.1 Throwing
 + Level 1.1 Armour
 + Level 1.1 Dodging
 + Level 1.1 Stealth
 + Level 1.1 Shields
 + Level 1.1 Unarmed Combat
 + Level 3.0 Spellcasting
 + Level 0.9 Conjurations
 + Level 0.9 Hexes
 + Level 0.9 Summonings
 + Level 0.9 Necromancy
 + Level 0.9 Translocations
 + Level 0.9 Transmutations
 + Level 5.4 Fire Magic
 + Level 0.9 Ice Magic
 + Level 0.9 Air Magic
 + Level 0.9 Earth Magic
 + Level 0.9 Poison Magic
 + Level 1.2 Invocations
 + Level 1.1 Evocations


You had 9 spell levels left.
You didn't know any spells.
Your spell library contained the following spells:

 Spells                   Type           Power      Damage    Failure   Level
 Scorch                   Fire           32%        2d6       3%          2


Dungeon Overview and Level Annotations

Branches:
Dungeon (2/15)

Altars:

Annotations:
D:2 Natasha


Innate Abilities, Weirdness & Mutations

You have very sharp teeth.
Your uncanny sense of smell can sniff out nearby items.
Your experience applies equally to all skills.


Message History

Natasha stares at you and mumbles some strange words.
You feel yourself slow down.
Natasha casts a spell.
Natasha casts a spell at you. The magic dart hits you.
You closely miss Natasha. Natasha claws you.
You hit Natasha. You burn Natasha.
Natasha is lightly wounded.
Natasha barely misses you.
The shadow imp disappears for a moment.
The shadow imp barely misses you.
You closely miss Natasha.
Natasha is lightly wounded.
Natasha closely misses you. The shadow imp gestures at you.
Pain shoots through your body! Natasha casts a spell at you.
You feel as though you will be slow longer.
The shadow imp barely misses you.
You hit Natasha. You burn Natasha.
Natasha is moderately wounded.
Natasha barely misses you. The shadow imp barely misses you.
You closely miss Natasha.
Natasha is moderately wounded.
Natasha claws you! The shadow imp hits you. Natasha barely misses you.
The shadow imp closely misses you.
You hit Natasha but do no damage.
Natasha is moderately wounded.
Natasha claws you! The shadow imp hits you.
* * * LOW HITPOINT WARNING * * *
You hit Natasha but do no damage. You bite Natasha, but do no damage.
Natasha is moderately wounded.
Natasha claws you.
* * * LOW HITPOINT WARNING * * *
The shadow imp hits you but does no damage.
Natasha claws you but does no damage.
The shadow imp hits you but does no damage.
You completely miss Natasha.
Natasha is moderately wounded.
Natasha claws you.
You die...

#.##.. ..... #.#.....
#...# ##....#.# #....
........) #.#.# .......#
#...# ####.#.### ###...##
#.......#.
#...h5.######.##.#....
#.#..@........##.##.#.
#.####.#####..##......
#....#.##.......###.##
#####..#.#.##.##....###.#
#......#...........)....#
#.###............#..#####
#.# ####.####.#.##..#
###.### #.# #.......#
#.....# #.# #.......#


You could see Natasha and a shadow imp (summoned).

Vanquished Creatures
  Terence (D:2)
  3 gnolls (D:2)
  A bat (D:1)
  4 endoplasms (D:1)
  2 giant cockroaches
  3 hobgoblins (D:1)
  3 jackals (D:1)
  3 quokkas (D:1)
  3 ball pythons (D:1)
  2 frilled lizards (D:1)
  3 kobolds
  2 rats (D:1)
30 creatures vanquished.

Notes
Turn   | Place    | Note
-------+----------+-------------------------------------------
     0 | D:1      | Plasmagod the Gnoll Cinder Acolyte began the quest for the
                  | Orb.
     0 | D:1      | Reached XP level 1. HP: 23/23 MP: 4/4
   139 | D:1      | Reached XP level 2. HP: 24/29 MP: 5/5
   481 | D:1      | Reached XP level 3. HP: 19/35 MP: 7/7
   753 | D:2      | Noticed Terence
   771 | D:2      | Killed Terence
   772 | D:2      | Reached skill level 1 in Short Blades
   772 | D:2      | Reached skill level 1 in Axes
   772 | D:2      | Reached skill level 1 in Maces & Flails
   772 | D:2      | Reached skill level 1 in Polearms
   772 | D:2      | Reached skill level 1 in Staves
   772 | D:2      | Reached skill level 1 in Slings
   772 | D:2      | Reached skill level 1 in Bows
   772 | D:2      | Reached skill level 1 in Crossbows
   772 | D:2      | Reached skill level 1 in Throwing
   772 | D:2      | Reached skill level 1 in Armour
   772 | D:2      | Reached skill level 1 in Dodging
   772 | D:2      | Reached skill level 1 in Stealth
   772 | D:2      | Reached skill level 1 in Shields
   772 | D:2      | Reached skill level 1 in Unarmed Combat
   772 | D:2      | Reached skill level 1 in Invocations
   772 | D:2      | Reached skill level 1 in Evocations
   776 | D:2      | Reached XP level 4. HP: 7/41 MP: 8/8
  1226 | D:2      | Noticed Natasha
  1236 | D:2      | Slain by Natasha

Illustrated notes

Levels and vault maps discovered:
D:1:      wander_arrival_peaceful_grave, layout_rooms
D:2:      layout_loops_cross, minmay_domino_2, uniq_terence, uniq_natasha

Skill      XL: |  1  2  3  4 |
---------------+-------------+-----
Short Blades   | 1 |  1.1
Axes           | 1 |  1.1
Maces & Flails | 1 |  1.1
Polearms       | 1 |  1.1
Staves         | 1 |  1.1
Slings         | 1 |  1.1
Bows           | 1 |  1.1
Crossbows      | 1 |  1.1
Throwing       | 1 |  1.1
Armour         | 1 |  1.1
Dodging        | 1 |  1.1
Stealth        | 1 |  1.1
Shields        | 1 |  1.1
Unarmed Combat | 1 |  1.1
Invocations    | 1 |  1.2
Evocations     | 1 |  1.1
Spellcasting   | 3 |  3.0
Fighting       | |  6.6
Long Blades    | |  6.6
Conjurations   | |  0.9
Hexes          | |  0.9
Summonings     | |  0.9
Necromancy     | |  0.9
Translocations | |  0.9
Transmutations | |  0.9
Fire Magic     | |  5.4
Ice Magic      | |  0.9
Air Magic      | |  0.9
Earth Magic    | |  0.9
Poison Magic   | |  0.9

Action                   |  1- 3 |  4- 6 || total
-------------------------+-------+-------++-------
Melee: Falchion          |    53 |    16 ||    69
       Bite              |     6 |     2 ||     8
       Punch             |     1 |       ||     1
Invok: Fiery Armour      |     2 |       ||     2
 Stab: Distracted        |     1 |       ||     1
Armor: Robe              |    21 |     7 ||    28
Dodge: Dodged            |    46 |    12 ||    58
